 Dungeon Crawl Stone Soup version 0.21.1-1-g345015f (webtiles) character file.

723 vertexvortex the Conjurer (level 7, -6/55 HPs)
             Began as a Green Draconian Conjurer on Apr 17, 2018.
             Splashed by Pikel's acid (12 damage)
             ... on level 4 of the Dungeon.
             The game lasted 00:16:31 (3663 turns).

vertexvortex the Conjurer (DrCj)                    Turns: 3663, Time: 00:16:32

Health: -6/55      AC:  7    Str: 11    XL:     7   Next: 43%
Magic:  5/14       EV: 12    Int: 17    God:
Gold:   157        SH:  0    Dex: 11    Spells: 8/16 levels left

rFire    . . .     SeeInvis .   x - +0 flail (protect)
rCold    . . .     Gourm    .   (no shield)
rNeg     . . .     Faith    .   (armour unavailable)
rPois    +         Spirit   .   (helmet restricted)
rElec    .         Reflect  .   d - +0 cloak
rCorr    .         Harm     .   (no gloves)
MR       .....                  (no boots)
Stlth    +++.......             (no amulet)
HPRegen  0.18/turn              h - ring of stealth
MPRegen  0.14/turn              m - +4 ring of protection

@: corroded
A: breathe noxious fumes, unfitting armour, poison resistance, cold-blooded, AC
+6
a: Breathe Noxious Fumes


You were on level 4 of the Dungeon.
You were not hungry.

You visited 1 branch of the dungeon, and saw 5 of its levels.
You also visited: Ossuary.

You collected 157 gold pieces.

Inventory:

Hand Weapons
 e - a +0 dagger
 n - a +0 whip of electrocution
 x - a +0 flail of protection (weapon)
Armour
 d - a +0 cloak (worn)
Jewellery
 h - a ring of stealth (left hand)
 m - a +4 ring of protection (right hand)
 r - a +3 ring of intelligence {unknown}
Scrolls
 f - 3 scrolls of enchant armour {unknown}
 g - 2 scrolls of fog {unknown}
 i - 2 scrolls of remove curse {unknown}
 j - 2 scrolls of identify {unknown}
 l - 2 scrolls of fear {unknown}
 o - a scroll of magic mapping {unknown}
 u - a scroll of teleportation {unknown}
 v - a scroll of noise {unknown}
Potions
 c - 7 potions of curing {unknown}
 k - 2 potions of ambrosia {unknown}
 p - a potion of might {unknown}
 q - a potion of mutation {unknown}
 s - a potion of haste {unknown}
 t - 2 potions of flight {unknown}
 w - a potion of cancellation {unknown}
 z - a potion of heal wounds {unknown}
Books
 a - a book of Conjurations

   Spells                             Type                      Level
   a - Magic Dart                     Conjuration                  1
   b - Searing Ray                    Conjuration                  2
   c - Dazzling Spray                 Conjuration/Hexes            3
   d - Fulminant Prism                Conjuration/Hexes            4
   e - Force Lance                    Conjuration/Translocation    4
   f - Iskenderun's Mystic Blast      Conjuration                  4
Comestibles
 b - 3 rations
 A - 2 chunks of flesh


   Skills:
 - Level 2.0 Fighting
 - Level 1.7 Dodging
 - Level 1.7 Stealth
 + Level 5.0 Spellcasting
 + Level 7.3 Conjurations


You had 8 spell levels left.
You knew the following spells:

 Your Spells              Type           Power        Failure   Level  Hunger
a - Magic Dart            Conj           ####         1%          1    None
b - Dazzling Spray        Conj/Hex       ###...       10%         3    ###....
c - Iskenderun's Mystic   Conj           ####....     7%          4    ####...


Dungeon Overview and Level Annotations

Branches:
Dungeon (5/15)
 Temple: D:4-7

Altars:

Annotations:
D:4 Pikel


Innate Abilities, Weirdness & Mutations

You can breathe blasts of noxious fumes.
Your lurid green scales are hard. (AC +6)
You cannot fit into any form of body armour.
Your system is resistant to poisons. (rPois)
You are cold-blooded and may be slowed by cold attacks.


Message History

Press: ? - help, Shift-Dir - straight line, f/p - Pikel
Aim: Pikel, wielding a whip of flaming, wearing a glowing robe and carrying a wand of acid (10) (heavily wounded)
The magic dart hits Pikel.
Pikel is heavily wounded.
The slave misses you. The slave hits you. The slave barely misses you.
The slave hits you. Pikel hits you but does no damage.
Casting: Magic Dart
Confirm with . or Enter, or press ? or * to list all spells.
Aiming: Magic Dart
Press: ? - help, Shift-Dir - straight line, f/p - Pikel
Aim: Pikel, wielding a whip of flaming, wearing a glowing robe and carrying a wand of acid (10) (heavily wounded)
The magic dart hits Pikel.
Pikel is heavily wounded.
The slave barely misses you. The slave hits you but does no damage.
The slave closely misses you. Pikel hits you but does no damage.
The slave misses you. The slave closely misses you.
Pikel zaps a wand.
The bolt of acid hits you!
* * * LOW HITPOINT WARNING * * *
The acid corrodes you!
You are splashed with acid!
The acid burns!
You die...

##......###....#####...##
#...........#........#..#
..........###...#######..
..........##...## ##.
..........##...# ####..
...!...........#####....#
.......p..####.##......##
......ppp#####........##
.......K@........#.######
......>............#.....
[........................
.........................
.........................
.........................
.........................
...........[............
.##.........>....


You could see Pikel and 4 slaves.

Vanquished Creatures
  Edmund (D:4)
  A phantom (D:4)
  5 water moccasin zombies (Ossuary)
  A hound (D:4)
  A worker ant (D:3)
  A big kobold zombie (Ossuary)
  2 mummies (Ossuary)
  3 gnolls
  4 adders
  An ooze (D:4)
  2 adder zombies (Ossuary)
  A worm (D:2)
  A dart slug (D:2)
  3 leopard geckos
  5 giant cockroaches
  4 goblins
  8 hobgoblins
  11 jackals
  8 kobolds
  A ball python skeleton (D:4)
  4 bats
  6 frilled lizards
  5 gnoll zombies (Ossuary)
  2 hobgoblin zombies (Ossuary)
  2 kobold zombies (Ossuary)
  5 orc zombies (Ossuary)
  5 rats
93 creatures vanquished.

Vanquished Creatures (others)
  A leopard gecko (D:4)
  A hobgoblin zombie (Ossuary)
2 creatures vanquished.

Grand Total: 95 creatures vanquished

Notes
Turn   | Place    | Note
-------+----------+-------------------------------------------
     0 | D:1      | vertexvortex the Draconian Conjurer began the quest for the Orb.
     0 | D:1      | Reached XP level 1. HP: 14/14 MP: 3/3
   154 | D:1      | Reached XP level 2. HP: 18/22 MP: 3/5
   409 | D:1      | Reached skill level 1 in Fighting
   705 | D:1      | Reached XP level 3. HP: 23/28 MP: 0/6
   997 | D:2      | Learned a level 3 spell: Dazzling Spray
  1098 | D:2      | Reached skill level 5 in Conjurations
  1157 | D:1      | Reached XP level 4. HP: 9/36 MP: 0/7
  2022 | D:4      | Noticed Edmund
  2030 | D:4      | Noticed a phantom
  2067 | D:3      | Reached XP level 5. HP: 29/41 MP: 0/9
  2102 | D:3      | Learned a level 4 spell: Iskenderun's Mystic Blast
  2191 | D:4      | Found a sand-covered staircase.
  2198 | Ossuary  | Entered an ossuary
  2464 | Ossuary  | Reached skill level 6 in Conjurations
  2707 | Ossuary  | Reached XP level 6. HP: 10/48 MP: 0/11
  3421 | D:4      | Killed Edmund
  3421 | D:4      | Reached skill level 7 in Conjurations
  3421 | D:4      | Your scales start taking on a lurid green colour.
  3421 | D:4      | Reached XP level 7. HP: 48/55 MP: 4/14
  3421 | D:4      | Gained mutation: Your system is resistant to poisons. (rPois) [Green Draconian growth]
  3476 | D:5      | Entered Level 5 of the Dungeon
  3490 | D:4      | Reached skill level 5 in Spellcasting
  3634 | D:4      | Noticed Pikel
  3663 | D:4      | Splashed by Pikel's acid

Skill      XL: |  1  2  3  4  5  6  7 |
---------------+----------------------+-----
Fighting       | 1 2 |  2.0
Conjurations   | 5 6 7 |  7.3
Spellcasting   | 3 4 5 |  5.0
Dodging        | |  1.7
Stealth        | |  1.7

Action                   |  1- 3 |  4- 6 |  7- 9 || total
-------------------------+-------+-------+-------++-------
Melee: Unarmed           |    81 |       |       ||    81
       Tailslap          |    15 |    15 |     4 ||    34
       Dagger            |   115 |    23 |       ||   138
       Whip              |       |   115 |     3 ||   118
       Flail             |       |       |    32 ||    32
 Cast: Magic Dart        |    38 |    73 |    19 ||   130
       Dazzling Spray    |       |     7 |     1 ||     8
       Iskenderun's Myst |       |     4 |       ||     4
 Abil: Breathe Noxious F |       |       |     1 ||     1
 Stab: Sleeping          |     6 |     6 |     2 ||    14
       Distracted        |     1 |       |     1 ||     2
       Invisible         |       |     1 |     1 ||     2
  Eat: Chunk             |     2 |     4 |       ||     6
       Ration            |       |     2 |       ||     2
Armor: Skin              |    78 |    80 |    30 ||   188
Dodge: Dodged            |   166 |   113 |    47 ||   326
